 Dungeon Crawl Stone Soup version 0.24-a0-159-gf1ee1cdb4e (webtiles) character file.

Game seed: 3684335032355976976

6740 iamberjio the Cleaver (level 11, 0/111 (112) HPs)
             Began as an Octopode Chaos Knight on Mar 5, 2019.
             Was an Elder of Trog.
             Killed from afar by a swamp worm (15 damage)
             ... with a harpoon shot
             ... on level 9 of the Dungeon.
             The game lasted 00:16:00 (11523 turns).

iamberjio the Cleaver (Octopode Chaos Knight)      Turns: 11523, Time: 00:16:00

HP:   0/111 (112)   AC:  1    Str: 19    XL:     11   Next: 4%
MP:   12/12         EV: 13    Int: 12    God:    Trog [****..]
Gold: 522           SH: 11    Dex: 11    Spells: 10/10 levels left

rFire    . . .     SeeInvis .   l - +2 hand axe (vamp)
rCold    . . .     Gourm    .   f - +0 shield
rNeg     . . .     Faith    .   (helmet restricted)
rPois    .         Spirit   .   (no amulet)
rElec    .         Reflect  .   i - ring of stealth
rCorr    .         Harm     .   (no ring)
MR       .....                  (no ring)
Stlth    ..........             (no ring)
HPRegen  0.28/turn              (no ring)
MPRegen  0.13/turn              (no ring)
                                (no ring)
                                (no ring)

@: berserking, very quick
A: almost no armour, stealthy swim, amphibious, 8 rings, constrict 8, camouflage
1, blurry vision 1, clumsy 1, dopey 1, screaming 1, gelatinous body 1
a: Berserk, Trog's Hand, Brothers in Arms, Renounce Religion


You were on level 9 of the Dungeon.
You worshipped Trog.
Trog was greatly pleased with you.
You were hungry.

You visited 1 branch of the dungeon, and saw 9 of its levels.

You collected 522 gold pieces.

Inventory:

Hand Weapons
 a - a +0 short sword of chaos
 d - the +6 shortbow of the Past {speed, Int+6 SInv, unknown}
   (You found it on level 7 of the Dungeon)

   Attacks with this weapon are significantly faster.
   It affects your intelligence (+6).
   It lets you see invisible.
 g - a +0 trident
 h - a +1 hand axe of flaming
 l - a +2 vampiric hand axe (weapon)
 t - a +1 war axe of chopping
 u - a +0 flail
 D - a +0 morningstar
 E - a +2 whip of freezing
 F - the cursed +0 flail "Soazxiv" {speed, rPois, unknown}
   (You found it on level 7 of the Dungeon)

   Attacks with this weapon are significantly faster.
   It protects you from poison.
   It has a curse placed upon it.
Missiles
 B - 6 steel tomahawks (quivered)
 C - 5 tomahawks
Armour
 f - a +0 shield (worn)
Magical Staves
 v - an uncursed staff of power {unknown}
Jewellery
 i - a ring of stealth (left tentacle)
 m - an uncursed ring of fire
Wands
 H - a wand of paralysis (10)
Scrolls
 c - a scroll of enchant armour
 j - 6 scrolls of teleportation {@r3}
 k - 10 scrolls of remove curse {@r2}
 n - 3 scrolls of immolation
 w - a scroll of fear
 x - a scroll of blinking
 y - 2 scrolls of fog {unknown}
 z - a scroll of enchant weapon {unknown}
Potions
 e - a potion of cancellation
 o - 3 potions of agility
 p - 2 potions of brilliance
 q - a potion of curing {@q1}
 r - a potion of heal wounds {unknown}
 s - a potion of lignification {unknown}
 A - 2 potions of might {unknown}
Comestibles
 b - 7 rations


   Skills:
 - Level 7.0 Fighting
 - Level 3.0 Short Blades
 * Level 10.3 Axes
 - Level 4.0 Dodging
 - Level 3.0 Stealth
 * Level 10.1 Shields
 - Level 2.4 Evocations


You had 10 spell levels left.
You didn't know any spells.
Your spell library was empty.

Dungeon Overview and Level Annotations

Branches:
Dungeon (9/15)             Temple (0/1) D:5
   Lair: D:8-11         Orc: D:9-12

Altars:
Cheibriados
Hepliaklqana
Qazlal
Trog
Uskayaw
The Shining One

Annotations:
D:6 5 runed translucent doors


Innate Abilities, Weirdness & Mutations

You cannot wear most types of armour.
You are very stealthy in the water. (Stealth+)
You are amphibious.
You can wear up to eight rings at the same time.
You can use your tentacles to constrict eight enemies at once.
Your skin changes colour to match your surroundings (Stealth+).
Your rubbery body absorbs attacks. (AC +1, EV +1)
Scrolls take you a little longer to read.
You are clumsy. (Dex -2)
You are dopey. (Int -2)
You occasionally shout uncontrollably at your foes.


Message History

The swamp worm bites you!!
* * * LOW HITPOINT WARNING * * *
You slash the swamp worm!
You feel better.
You constrict the swamp worm. You hit the swamp worm.
You kill the swamp worm!
Trog accepts your kill.
You hit the swamp worm. You grab the swamp worm. You constrict the swamp worm.
You slash the swamp worm! You constrict the swamp worm.
The swamp worm bites you!
* * * LOW HITPOINT WARNING * * *
You slash the swamp worm!
You feel better.
You constrict the swamp worm.
A swamp worm comes into view.
You block the swamp worm's attack.
You barely miss the swamp worm. You constrict the swamp worm.
You slash the swamp worm!
You feel better.
You kill the swamp worm!
Trog accepts your kill.
The swamp worm throws harpoon shot at you.
The harpoon shot hits you!
You die...

#.≈≈P#ww ##≈≈#
#.≈≈Pw≈ #≈≈#
##w≈≈P# ##≈≈#
..≈≈≈#######≈≈≈#
#..≈≈≈≈≈≈≈≈≈≈≈##
#....≈≈≈≈≈≈≈#.#
#.########.##.#
#†########w...#
#.).....@†...##
##############


You could see a swamp worm.

Vanquished Creatures
  2 two-headed ogres
  Pikel (D:7)
  Joseph (D:7)
  2 hippogriffs
  A spriggan (D:7)
  A wyvern (D:8)
  Menkaure (D:7)
  4 swamp worms (D:9)
  4 orc warriors
  2 sky beasts
  2 slaves (D:7)
  4 ice beasts
  A necrophage (D:9)
  A phantom (D:4)
  7 ogres
  2 centaurs
  Blork the orc (D:6)
  3 bullfrogs
  A scorpion (D:7)
  2 howler monkeys (D:7)
  3 wights (D:8)
  2 crimson imps
  2 bullfrog zombies
  A hound (D:5)
  4 orc priests
  3 jellies
  2 iguanas
  2 bullfrog skeletons
  5 orc wizards
  13 worker ants
  A hound zombie (D:7)
  4 hound skeletons
  A howler monkey zombie (D:6)
  A worker ant zombie (D:6)
  8 gnolls
  8 adders
  A shadow imp (D:8)
  An adder skeleton (D:4)
  2 worms (D:2)
  2 dart slugs
  9 leopard geckos
  29 orcs
  2 ball pythons
  5 giant cockroaches
  10 goblins
  13 hobgoblins
  8 jackals
  4 quokkas
  7 bats
  8 frilled lizards
  5 kobolds
  A leopard gecko skeleton (D:4)
  A leopard gecko zombie (D:5)
  A quokka skeleton (D:7)
  8 rats
  A butterfly (D:5)
221 creatures vanquished.

Vanquished Creatures (others)
  A slave (D:7)
  A jackal zombie (D:7)
  4 plants (D:9)
6 creatures vanquished.

Grand Total: 227 creatures vanquished

Notes
Turn   | Place    | Note
-------+----------+-------------------------------------------
     0 | D:1      | iamberjio the Octopode Chaos Knight began the quest for the
                  | Orb.
     0 | D:1      | Reached XP level 1. HP: 16/16 MP: 1/1
    55 | D:1      | Reached skill level 1 in Stealth
   317 | D:1      | Reached XP level 2. HP: 21/21 MP: 2/2
   620 | D:1      | Reached XP level 3. HP: 26/26 MP: 3/3
   702 | D:1      | XOM: divination: detect creatures
   904 | D:1      | XOM: divination: magic mapping
   992 | D:2      | Noticed a moth of wrath
   994 | D:2      | Found a bloodstained altar of Trog.
  1002 | D:2      | XOM: harmless Necr miscast
  1030 | D:2      | Fell from the grace of Xom
  1030 | D:2      | Became a worshipper of Trog the Wrathful
  1445 | D:3      | XOM: noise
  1537 | D:3      | Reached XP level 4. HP: 31/31 MP: 4/4
  1557 | D:3      | Reached skill level 1 in Axes
  1730 | D:3      | Found a faded altar of an unknown god.
  1732 | D:3      | Found a snail-covered altar of Cheibriados.
  1765 | D:3      | Reached * piety under Trog
  1765 | D:3      | Reached XP level 5. HP: 33/36 MP: 5/5
  1849 | D:3      | Reached skill level 1 in Shields
  1920 | D:3      | XOM: give mutations
  1920 | D:3      | Gained mutation: Scrolls take you a little longer to read.
                  | [Xom's mischief]
  1920 | D:3      | Gained mutation: Scrolls take you longer to read. [Xom's
                  | mischief]
  2272 | D:3      | Found a glowing golden altar of the Shining One.
  2439 | D:3      | XOM: noise
  2578 | D:4      | Found a hazy altar of Hepliaklqana.
  2715 | D:4      | Reached XP level 6. HP: 41/43 MP: 6/6
  2948 | D:4      | Noticed a phantom
  2983 | D:4      | XOM: cleaving
  2988 | D:4      | Killed a phantom
  3267 | D:4      | Reached XP level 7. HP: 48/48 MP: 7/7
  3288 | D:4      | Found a hide-covered altar of Uskayaw.
  3288 | D:4      | Found a glowing golden altar of the Shining One.
  3289 | D:4      | Found a stormy altar of Qazlal.
  3413 | D:4      | XOM: blink monster(s)
  3476 | D:4      | Reached ** piety under Trog
  3857 | D:5      | Entered Level 5 of the Dungeon
  4141 | D:5      | Found a staircase to the Ecumenical Temple.
  4366 | D:5      | Reached XP level 8. HP: 44/54 MP: 8/8
  4454 | D:5      | XOM: mild Pois miscast
  4687 | D:5      | Reached skill level 5 in Axes
  4804 | D:5      | Reached skill level 5 in Fighting
  4939 | D:5      | XOM: give mutation
  4939 | D:5      | Gained mutation: You occasionally shout uncontrollably at
                  | your foes. [Xom's mischief]
  5033 | D:5      | Reached skill level 5 in Shields
  5348 | D:5      | XOM: stat loss: -2 Dex (10/12)
  6201 | D:6      | XOM: medium Ice miscast
  6418 | D:6      | XOM: 5-stop teleportation journey
  6477 | D:6      | XOM: give mutations
  6477 | D:6      | Gained mutation: You are clumsy. (Dex -2) [Xom's mischief]
  6477 | D:6      | Gained mutation: You are dopey. (Int -2) [Xom's mischief]
  6477 | D:6      | Lost mutation: Scrolls take you longer to read. [Xom's
                  | mischief]
  6680 | D:6      | Reached XP level 9. HP: 62/62 MP: 9/9
  6865 | D:6      | Reached *** piety under Trog
  6976 | D:6      | XOM: swap monsters
  7196 | D:6      | Found the +9 staff of Olgreb {rPois}
  7309 | D:6      | Found a runed translucent gate.
  7310 | D:6      | Found a runed translucent door.
  7316 | D:6      | Found a runed translucent gate.
  7316 | D:6      | Found a runed translucent gate.
  7324 | D:6      | Found a runed translucent door.
  7331 | D:6      | Noticed Blork the orc
  7339 | D:6      | Killed Blork the orc
  7750 | D:6      | XOM: mild Tloc miscast
  8222 | D:7      | Noticed Pikel
  8252 | D:7      | Killed Pikel
  8307 | D:7      | Got a steaming flail
  8367 | D:7      | Noticed Joseph
  8376 | D:7      | Killed Joseph
  8433 | D:7      | XOM: mild Tmut miscast
  8701 | D:7      | XOM: medium Necr miscast
  8776 | D:7      | Got a scorched shortbow
  8808 | D:7      | XOM: medium Chrm miscast
  8849 | D:7      | Noticed Menkaure
  8864 | D:7      | Killed Menkaure
  8864 | D:7      | Reached XP level 10. HP: 39/69 MP: 10/10
  8993 | D:7      | XOM: medium Hex miscast
  9140 | D:7      | XOM: medium Hex miscast
  9752 | D:8      | XOM: silly message
  9780 | D:8      | Noticed a two-headed ogre
  9781 | D:8      | XOM: harmless Air miscast
  9781 | D:8      | Was forgiven by Xom
  9792 | D:8      | Killed a two-headed ogre
  9816 | D:8      | Reached **** piety under Trog
 10700 | D:8      | Reached skill level 1 in Evocations
 11426 | D:9      | Noticed a two-headed ogre
 11456 | D:9      | Killed a two-headed ogre
 11456 | D:9      | Reached skill level 10 in Axes
 11472 | D:9      | Reached skill level 10 in Shields
 11472 | D:9      | Reached XP level 11. HP: 32/74 MP: 12/12
 11523 | D:9      | Killed from afar by a swamp worm

Levels and vault maps discovered:
D:1:      dpeg_arrival_pits, layout_basic, minmay_vboxes
D:2:      layout_basic, tgw_trog
D:3:      layout_loops_ring, lemuel_crystal_altar,
          chequers_ecumenical_altar_simple_redux, minmay_misc_feat_roman,
          nicolae_tso_swordbearing_angel
D:4:      cheibrodos_greedy_goblins, layout_loops_cross,
          nicolae_overflow_crystal_walls, gammafunk_temple_overflow_claw,
          first_ration
D:5:      layout_loops_ring, minmay_temple_entry_butterflies
D:6:      minmay_general_purpose_star, layout_basic,
          minmay_guarded_unrand_staff_of_olgreb, uniq_blork_the_orc
D:7:      layout_basic, the_bakery, minivault_26, st_stairs_3, uniq_joseph,
          uniq_menkaure, uniq_pikel
D:8:      layout_cave_pods, kennysheep_generic_room_9
D:9:      layout_long_grid, gammafunk_ghost_hive, worms_lemuel

Skill      XL: |  1  2  3  4  5  6  7  8  9 10 |
---------------+-------------------------------+-----
Stealth        | 2 3 |  3.0
Dodging        | 3 4 |  4.0
Axes           | 1 2 3 4 6 8 10 | 10.3
Shields        | 1 3 4 6 8 10 | 10.1
Fighting       | 4 5 6 7 |  7.0
Evocations     | 2 |  2.4
Short Blades   | |  3.0

Action                   |  1- 3 |  4- 6 |  7- 9 | 10-12 || total
-------------------------+-------+-------+-------+-------++-------
Melee: Short sword       |    48 |       |       |       ||    48
       Constrict         |    14 |    23 |    58 |    26 ||   121
       Tentacles         |    13 |    14 |    77 |    29 ||   133
       Hand axe          |    21 |   113 |   274 |   156 ||   564
Invok: Berserk           |       |     1 |    14 |     6 ||    21
       Trog's Hand       |       |       |     1 |     1 ||     2
Evoke: Wand              |       |       |       |     1 ||     1
  Use: Scroll            |     3 |     5 |     2 |     3 ||    13
       Potion            |       |     2 |       |       ||     2
 Stab: Sleeping          |    13 |    11 |    14 |     3 ||    41
       Distracted        |       |     1 |     1 |       ||     2
       Confused          |       |       |     1 |       ||     1
       Paralysed         |       |       |       |     3 ||     3
  Eat: Ration            |     2 |       |     3 |     1 ||     6
       Chunk             |       |     5 |    20 |    13 ||    38
Armor: Skin              |     3 |     7 |     7 |     3 ||    20
Dodge: Dodged            |    34 |    54 |    80 |    50 ||   218
Block: Shield            |       |    29 |    94 |    79 ||   202

Table legend:
 A = Non-vault XP
 B = Vault XP
 C = Vault XP percentage of total XP
 D = Non-vault monster count
 E = Vault monster count
 F = Vault count percentage of total count
                 A         B        C        D         E       F
            +---------+---------+-------+---------+---------+-------
      Total |    7405 |    2224 |  23.1 |     182 |      36 |  16.5
            +---------+---------+-------+---------+---------+-------
        D:1 |      32 |      14 |  30.4 |      18 |       8 |  30.8
        D:2 |      14 |      12 |  46.2 |       8 |       5 |  38.5
        D:3 |     173 |       0 |   0.0 |      30 |       0 |   0.0
        D:4 |     543 |      14 |   2.5 |      26 |       7 |  21.2
        D:5 |    1202 |       0 |   0.0 |      27 |       0 |   0.0
        D:6 |     776 |     267 |  25.6 |      21 |       4 |  16.0
        D:7 |     731 |    1198 |  62.1 |      22 |       6 |  21.4
        D:8 |    2563 |      67 |   2.5 |      24 |       2 |   7.7
        D:9 |    1371 |     652 |  32.2 |       6 |       4 |  40.0
            +---------+---------+-------+---------+---------+-------
